Map: [ESL] Babylon

Players

Harstem

  • Race: Protoss Protoss
  • League: Master
  • Spawn Location: 11:00

Kelazhur - Winner!

  • Race: Terran Terran
  • League: Master
  • Spawn Location: 5:00

Event: HomeStory Cup XXIII

VOD

Have the link to the VOD?

Description

Time

  • Played on: June 30, 2023, 11:12 a.m.
  • Length: 5:01

All games in this series

Show
View Real Time Build Order
Export as new Build Order

Harstem Protoss 

Build Orders: 1 Gate Expand, Phoenix Opening 

Get SALT Encoding   

  12  0:00  Probe  
  13  0:12  Probe  
  14  0:17  Pylon  
  14  0:24  Probe (Chrono Boost)  
  15  0:36  Probe (Chrono Boost)  
  15  0:37  Gateway  
  16  0:44  Probe (Chrono Boost)  
  16  0:46  Assimilator  
  17  0:51  Probe  
  18  1:03  Probe  
  19  1:15  Probe  
  20  1:24  Cybernetics Core  
  20  1:31  Nexus  
  20  1:34  Probe  
  21  1:42  Pylon  
  21  1:47  Probe  
  22  1:50  Assimilator  
  22  1:57  Adept (Chrono Boost)  
  22  1:59  Probe  
  25  2:02  Warp Gate  
  25  2:11  Probe  
  26  2:20  Sentry  
  28  2:23  Probe  
  29  2:35  Probe  
  30  2:42  Nexus  
  30  2:44  Probe  
  31  2:55  Probe, Adept  
  31  2:56  Probe  
  35  3:02  Stargate  
  35  3:07  Probe  
  35  3:08  Probe  
  37  3:14  Gateway  
  37  3:19  Probe  
  38  3:20  Probe  
  38  3:22  Stalker (Chrono Boost)  
  39  3:31  Probe, Gateway  
  39  3:33  Probe  
  41  3:43  Probe  
  42  3:50  Probe  
  42  3:51  Phoenix (Chrono Boost)  
  42  3:54  Adept  
  47  3:59  Probe  
  37  4:10  Probe (Chrono Boost), Adept  
  37  4:11  Probe (Chrono Boost)  
  37  4:16  Phoenix (Chrono Boost)  
  40  4:18  Probe (Chrono Boost)  
  40  4:20  Adept  
  40  4:21  Probe x2 (Chrono Boost)  
  46  4:26  Probe (Chrono Boost)  
  46  4:28  Probe x2 (Chrono Boost)  
  52  4:39  Pylon  
  52  4:40  Assimilator  
  52  4:42  Probe  
  52  4:43  Probe x2  
  52  4:45  Twilight Council  
  52  4:49  Forge  
  52  4:53  Adept x2  
Show
View Real Time Build Order
Export as new Build Order

Kelazhur Terran - Winner!

Build Orders:  

Get SALT Encoding   

  12  0:00  SCV  
  13  0:12  SCV  
  14  0:17  Supply Depot  
  14  0:24  SCV  
  15  0:38  SCV  
  15  0:39  Barracks  
  16  0:43  Refinery  
  16  0:50  SCV  
  17  1:02  SCV  
  18  1:14  SCV  
  19  1:27  Orbital Command, Barracks Reactor  
  19  1:39  Command Center  
  19  1:47  Supply Depot  
  19  1:52  SCV  
  20  2:03  Marine x2  
  20  2:04  SCV  
  23  2:09  Factory  
  23  2:17  SCV  
  23  2:18  Refinery  
  23  2:22  Marine x2  
  26  2:29  SCV  
  27  2:39  Marine x2  
  27  2:41  SCV  
  30  2:52  Orbital Command  
  30  2:53  SCV  
  30  2:55  Starport  
  31  3:05  Hellion, SCV  
  34  3:07  Hellion  
  36  3:12  Barracks Tech Lab  
  36  3:19  SCV  
  37  3:23  SCV  
  37  3:26  Widow Mine  
  40  3:28  Widow Mine  
  40  3:33  Medivac  
  44  3:35  Armory  
  44  3:40  Supply Depot  
  44  3:48  SCV x2  
  44  4:00  Widow Mine x2, Marine  
  44  4:01  SCV  
  47  4:07  SCV  
  45  4:13  Supply Depot  
  45  4:18  SCV  
  45  4:19  Engineering Bay, Bunker  
  46  4:24  SCV  
  46  4:30  Marine x2, SCV  
  53  4:31  Starport Tech Lab  
  53  4:37  SCV  
  52  4:40  Supply Depot  
  52  4:44  Barracks, SCV  
  53  4:46  Barracks  
  53  4:49  SCV  
Tags
 
Add a new tag
Caveats
  • Supply blocks, unpowered buildings, or Contaminate may cause inaccurate times.
  • Supply counts are checked every 10 seconds.